 Dungeon Crawl Stone Soup version 0.14-a0-1590-g25a9b7f (webtiles) character file.

389 Piginabag the Bolt Thrower (level 6, -1/39 HPs)
             Began as a Formicid Hunter on Dec 24, 2013.
             Slain by a worker ant (3 damage)
             ... on Level 4 of the Dungeon.
             The game lasted 00:07:57 (3205 turns).

Piginabag the Bolt Thrower (Formicid Hunter)        Turns: 3205, Time: 00:07:57

HP  -1/39        AC  4     Str 19      XL: 6   Next: 48%
MP   6/6         EV 11     Int 10      God:
Gold 160         SH  0     Dex 11      Spells:  0 memorised,  5 levels left

rFire  . . .     SeeInvis +     b - +1 crossbow
rCold  . . .     Clarity  .     d - +0 leather armour
rNeg   . . .     Conserve .     (no shield)
rPois  x         rCorr    .     (helmet unavailable)
rElec  .         rRot     .     (no cloak)
SustAb . .       Spirit   .     (no gloves)
rMut   .         Warding  .     (no boots)
Saprov . . .     Stasis   +     (no amulet)
                                (no ring)
                                (no ring)

@: mildly poisoned, slightly resistant to hostile enchantments, unstealthy
A: permanent stasis, dig shafts and tunnels, four strong arms, poison weakness,
antennae 3, exoskeleton 1
a: Dig, Shaft Self


You were on level 4 of the Dungeon.
You were very hungry.

You visited 1 branch of the dungeon, and saw 4 of its levels.
You also visited: Sewer.

You collected 160 gold pieces.

Inventory:

Hand weapons
 b - a +1,+1 crossbow (weapon)
 p - a +1,+2 hand axe
Missiles
 c - 3 bolts (quivered)
Armour
 d - a +0 leather armour (worn)
 e - a +1 chain mail
Comestibles
 f - 2 bread rations
 n - an apple
Scrolls
 a - a scroll of remove curse {unknown}
 h - 4 scrolls of identify {unknown}
 i - a scroll of amnesia {unknown}
 j - a scroll of curse weapon {unknown}
 k - a scroll of teleportation {unknown}
 l - 3 scrolls of noise {unknown}
 m - a scroll of immolation {unknown}
 o - 2 scrolls of fog {unknown}
 r - 2 scrolls of random uselessness {unknown}
Potions
 g - a potion of curing
 q - 2 potions of poison {unknown}
 s - a potion of brilliance {unknown}
 t - a potion of heal wounds {unknown}
 u - a potion of paralysis {unknown}


   Skills:
 + Level 1.0 Fighting
 + Level 6.5 Crossbows
 + Level 1.6 Armour
 + Level 2.4 Dodging
 + Level 1.2 Stealth


You had 5 spell levels left.
You didn't know any spells.

Dungeon Overview and Level Annotations

Branches:
Dungeon (4/16)
 Temple: D:4-7

Altars:
Ashenzari

Shops:
D:4 ?

Annotations:
D:4 Piginabag's ghost, experienced FoHu


Innate Abilities, Weirdness & Mutations

Your are under a permanent stasis effect.
You can dig through walls and to a lower floor.
Your four strong arms can wield any weapon, most with a shield.
You are susceptible to poison.
You have a pair of large antennae on your head (SInv).
Your body is surrounded by an exoskeleton. (HP +5, AC +1)


Message History

The worker ant bites you.
* * * LOW HITPOINT WARNING * * *
The worker ant closely misses you.
You hit the worker ant but do no damage.
The worker ant is almost dead.
The worker ant closely misses you.
b - a +1,+1 crossbow (weapon)
The worker ant bites you.
* * * LOW HITPOINT WARNING * * *
You are poisoned.
The worker ant poisons you!
Firing (i - inventory):
c - 4 bolts (quivered)
Press: ? - help, Shift-Dir - straight line, f - worker ant
Aim: a worker ant (severely wounded)
You shoot a bolt. The bolt hits the worker ant.
The worker ant is almost dead.
The worker ant bites you.
* * * LOW HITPOINT WARNING * * *
The worker ant bites you.
You die...

.....#
####.....#
.....#
#.....#
.....#
#.....#
....#
#.....# .
##.####
#...###
###...#
###.# #@#
#a#
########'##
#.........#
#..(..a...#
#.........#
.........#
..>......#
.........#


You could see a worker ant.

Vanquished Creatures
  An orc priest (D:3)
  A green rat (D:3)
  5 adders
  A giant mite (D:4)
  4 worms
  A grey rat (D:3)
  2 giant geckos
  An ooze (D:4)
  11 orcs
  A ball python (D:3)
  2 giant cockroaches
  4 goblins
  13 hobgoblins
  10 jackals
  4 quokkas
  7 bats
  9 giant newts
  10 kobolds
  13 rats
100 creatures vanquished.

Notes
Turn   | Place    | Note
--------------------------------------------------------------
     0 | D:1      | Piginabag, the Formicid Hunter, began the quest for the Orb.
     0 | D:1      | Reached XP level 1. HP: 17/17 MP: 1/1
   190 | D:1      | Reached XP level 2. HP: 21/21 MP: 2/2
   308 | D:1      | Reached XP level 3. HP: 25/25 MP: 3/3
   771 | D:2      | Reached skill level 5 in Crossbows
   771 | D:2      | Reached XP level 4. HP: 30/30 MP: 4/4
  1416 | D:3      | Reached XP level 5. HP: 34/34 MP: 5/5
  1484 | D:3      | Reached skill level 1 in Armour
  1500 | D:3      | Reached skill level 6 in Crossbows
  1664 | D:3      | Reached XP level 6. HP: 39/39 MP: 6/6
  2405 | D:3      | Found a glowing drain.
  2432 | Sewer    | Entered a sewer
  2628 | Sewer    | Noticed Piginabag's ghost (average FoHu)
  2753 | D:4      | Found a shattered altar of Ashenzari.
  2806 | D:4      | Found Xoeniwu's Magic Scroll Emporium.
  2945 | D:4      | Noticed an ogre
  2945 | D:4      | Noticed Piginabag's ghost (experienced FoHu)
  3205 | D:4      | Slain by a worker ant

Action                   |  1- 3 |  4- 6 || total
-------------------------+-------+-------++-------
Melee: Short sword       |       |    77 ||    77
       Hand axe          |       |    47 ||    47
 Fire: Crossbow          |    46 |   104 ||   150
  Use: Potion            |       |     3 ||     3
